cohdb
Replays
Latest Replays
All Replays
Popular Replays
Top Player Replays
Match Explorer
How It Works
Community
CoH3 Stats
Reddit
Sign in to upload your games and track your stats! →
Sign in with Steam
Match 45783091
Unlisted
Match 45783091
Overview
Messages
Build Orders
End
Kradschützen Motorcycle Team
250 Light Carrier
Panzergrenadier Squad
Panzergrenadier Squad
Panzergrenadier Squad
Construct Light Support Kompanie
Fire Support Elements
Flakvierling Half-track
Pak 38 Mechanized Group
Selects Battlefield Espionage Battlegroup
Selects Intel Disruption Beacon
Pak 38 Anti-tank Gun Team
Selects 250/3 Funkpanzerwagen
Construct Panzerarmee Kommand
Selects Anti-Tank Incendiary Munitions
Walking Stuka Rocket Launcher
Selects Plunder
Selects Firestorm
Firestorm
Basecoh3 @ Youtube
Eilte
CAuMOH
✠Kaiser✠ PERVITIN
0
0
Comments
sign in to comment!
No comments posted yet!